 Dungeon Crawl Stone Soup version 0.20.1-1-g8b1a95d (webtiles) character file.

93 letownia2 the Grave Robber (level 4, -8/36 HPs)
             Began as a Deep Dwarf Necromancer on Dec 9, 2017.
             Killed from afar by Eustachio (10 damage)
             ... with a wand of flame (?/48)
             ... on level 4 of the Dungeon.
             The game lasted 00:03:27 (1045 turns).

letownia2 the Grave Robber (Deep Dwarf Necromancer) Turns: 1045, Time: 00:03:27

Health: -8/36      AC:  5    Str: 12    XL:     4   Next: 37%
Magic:  8/8        EV: 11    Int: 16    God:
Gold:   97         SH:  0    Dex: 13    Spells: 4/8 levels left

rFire    . . .     SeeInvis .   a - +0 dagger
rCold    . . .     Gourm    .   (no shield)
rNeg     . . .     Faith    .   m - +0 ring mail
rPois    .         Spirit   .   (no helmet)
rElec    .         Reflect  .   (no cloak)
rCorr    .         Harm     .   (no gloves)
MR       .....                  (no boots)
Stlth    +.........             i - amulet of inaccuracy (curse)
Regen    0.0/turn               (no ring)
MPRegen  0.2/turn               (no ring)

@: non-regenerating
A: damage resistance, heal wounds, sense surroundings 1, no regeneration
a: Heal Wounds


You were on level 4 of the Dungeon.
You were not hungry.

You visited 1 branch of the dungeon, and saw 4 of its levels.

You collected 97 gold pieces.

Inventory:

Hand Weapons
 a - a +0 dagger (weapon)
 j - a +0 hand axe
Missiles
 g - 11 bolts
Armour
 m - a +0 ring mail (worn)
Jewellery
 i - a cursed amulet of inaccuracy (around neck)
Wands
 k - a wand of disintegration (2/24)
Potions
 d - 2 potions of resistance {unknown}
 e - 2 potions of heal wounds {unknown}
 f - a potion of flight {unknown}
Books
 b - a book of Necromancy

   Spells                             Type                      Level
   a - Pain                           Necromancy                   1
   b - Animate Skeleton               Necromancy                   1
   c - Vampiric Draining              Necromancy                   3
   d - Regeneration                   Charms/Necromancy            3
   e - Animate Dead                   Necromancy                   4
   f - Control Undead                 Necromancy                   4
Comestibles
 c - 2 bread rations
 h - 2 chunks of flesh
 l - a royal jelly


   Skills:
 - Level 2.1 Dodging
 - Level 2.4 Stealth
 + Level 2.8 Spellcasting
 + Level 5.2 Necromancy
 - Level 2.2 Evocations


You had 4 spell levels left.
You knew the following spells:

 Your Spells              Type           Power        Failure   Level  Hunger
a - Pain                  Necr           ###.         4%          1    #......
v - Vampiric Draining     Necr           ###.......   16%         3    ###....


Dungeon Overview and Level Annotations

Branches:
Dungeon (4/15)
 Temple: D:4-7

Altars:

Annotations:
D:3 2 transporters
D:4 Eustachio


Innate Abilities, Weirdness & Mutations

You are resistant to damage.
You can heal yourself by infusing magical energy.
You passively map a small area around you.
You do not regenerate.


Message History

Eustachio zaps a wand.
The puff of flame hits you!
* * * LOW HITPOINT WARNING * * *
It is a wand of flame (?/48).
Unknown command.
The quokka bites you but does no damage.
The quokka barely misses you.
Eustachio screams, "At last I'll have my revenge!"
The quokka bites you but does no damage.
The worker ant closely misses you. The shadow imp hits you.
* * * LOW HITPOINT WARNING * * *
Unknown command.
Found 6 gold pieces.
Eustachio mumbles some strange words.
Eustachio blinks!
The quokka bites you but does no damage.
Eustachio gestures wildly while chanting.
The shadow imp summons a swarm of flies.
The river rat disappears in a puff of smoke!
Eustachio zaps a wand.
The puff of flame hits you!
You die...

######### * , *
##...#.@.## .# ,
##......b..## .# * *
#$......r.r$##.#
#....@Zr.......#######
#.....o............$.#
##.....5a.........##?.
##...#.a.##.###.....% ,
.....!....ยง5!.........
,
.#######...5.5..#.....
, # ...
**#....<....#..## ..
####..##......#
#.###...###.......


You could see Eustachio, 2 worker ants, an iron imp, a crimson imp, a river rat,
a shadow imp, an orc, 2 quokkas, a bat and a hound skeleton.

Vanquished Creatures
  An iguana (D:4)
  2 worker ants
  An adder (D:3)
  2 dart slugs (D:2)
  An orc (D:3)
  2 giant cockroaches
  3 bats
  2 rats
14 creatures vanquished.

Notes
Turn   | Place    | Note
-------+----------+-------------------------------------------
     0 | D:1      | letownia2 the Deep Dwarf Necromancer began the quest for the Orb.
     0 | D:1      | Reached XP level 1. HP: 15/15 MP: 3/3
   377 | D:2      | Reached XP level 2. HP: 16/22 MP: 0/5
   587 | D:3      | Found a transporter.
   725 | D:3      | Noticed an electric eel
   725 | D:3      | Noticed an electric eel
   727 | D:3      | Noticed an electric eel
   731 | D:3      | Found a transporter.
   793 | D:4      | Reached skill level 5 in Necromancy
   793 | D:4      | Reached skill level 1 in Evocations
   793 | D:4      | Reached XP level 3. HP: 5/28 MP: 0/6
   796 | D:4      | Reached XP level 4. HP: 6/36 MP: 0/8
   801 | D:4      | Learned a level 3 spell: Vampiric Draining
   886 | D:4      | Noticed Eustachio
  1045 | D:4      | Killed from afar by Eustachio

Skill      XL: |  1  2  3 |
---------------+----------+-----
Spellcasting   | 2 |  2.8
Necromancy     | 5 |  5.2
Evocations     | 1 2 |  2.2
Dodging        | |  2.1
Stealth        | |  2.4

Action                   |  1- 3 |  4- 6 || total
-------------------------+-------+-------++-------
Melee: Unarmed           |     3 |       ||     3
       Dagger            |       |     2 ||     2
 Cast: Pain              |    32 |       ||    32
       Vampiric Draining |       |     2 ||     2
Evoke: Wand              |     2 |     1 ||     3
  Use: Scroll            |     2 |       ||     2
  Eat: Chunk             |       |     1 ||     1
Armor: Robe              |     7 |       ||     7
       Ring mail         |     1 |    11 ||    12
Dodge: Dodged            |    23 |    13 ||    36
